 Dungeon Sprint DCSS version 0.26-a0-665-gefeb406119 (webtiles) character file.

Game seed: 16038100287709947751

5996 mhtbhm the Eclecticist (level 10, -1/52 HPs)
             Began as a Deep Elf Earth Elementalist on Oct 16, 2020.
             Was a High Priest of Vehumet.
             Shot with an arrow by a centaur warrior (26 damage)
             ... in the Dungeon (Sprint I: "Red Sonja").
             The game lasted 00:05:18 (2227 turns).

mhtbhm the Eclecticist (DEEE)                       Turns: 2227, Time: 00:05:18

Health: -1/52      AC:  4    Str:  5    XL:     10   Next: 55%
Magic:  17/35      EV: 16    Int: 24    God:    Vehumet [*****.]
Gold:   724        SH:  0    Dex: 15    Spells: 33/48 levels left

rFire    . . .     SeeInvis .   o - +1 dagger of Beumeel {vorpal, Stlth+}
rCold    . . .     Faith    .   (no shield)
rNeg     + . .     Spirit   .   c - +2 robe {rN+}
rPois    .         Reflect  .   (no helmet)
rElec    .         Harm     .   k - scarf {repulsion}
rCorr    .         Rampage  .   (no gloves)
MR       +....     NoTele   +   (no boots)
Stlth    ++++......             (no amulet)
HPRegen  0.17/turn              (no ring)
MPRegen  0.24/turn              (no ring)

@: repel missiles
A: no striking features
a: Renounce Religion


You were in the Dungeon.
You worshipped Vehumet.
Vehumet was extremely pleased with you.
You visited 1 branch You collected 1144 gold pieces.
You spent 420 gold pieces at shops.

Inventory:

Hand Weapons
 o - the +1 dagger of Beumeel (weapon) {vorpal, Stlth+}
   (You found it in the Dungeon)

   It inflicts extra damage upon your enemies.
   It makes you more stealthy.
Missiles
 b - 20 stones (quivered)
 m - 8 curare-tipped darts
Armour
 c - a +2 robe of positive energy (worn)
 k - a scarf of repulsion (worn)
Wands
 a - a wand of random effects (18)
Scrolls
 i - a scroll of blinking
 n - 2 scrolls of remove curse {unknown}
 p - a scroll of vulnerability {unknown}
Potions
 d - 4 potions of curing
 e - 3 potions of heal wounds
 f - a potion of haste
 g - 3 potions of magic
 h - a potion of mutation {unknown}
 j - a potion of invisibility {unknown}
 l - a potion of stabbing {unknown}


   Skills:
 + Level 1.2 Fighting
 + Level 6.2 Dodging
 + Level 5.8 Stealth
 + Level 1.3 Unarmed Combat
 + Level 19.5 Spellcasting
 + Level 5.9 Transmutations
 + Level 18.1 Earth Magic


You had 33 spell levels left.
You knew the following spells:

 Your Spells              Type           Power        Failure   Level
a - Sandblast             Erth           ######       0%          1
b - Passwall              Tmut/Erth      ######..     1%          2
c - Stone Arrow           Conj/Erth      ######       1%          3
d - Lee's Rapid Deconstr  Erth           #######...   1%          5
e - Petrify               Tmut/Erth      ######..     1%          4

Your spell library contained the following spells:

 Spells                   Type           Power        Failure   Level
 Ignite Poison            Fire/Tmut/Pois ####....     1%          3


Dungeon Overview and Level Annotations

Branches:
Dungeon (1/1)

Altars:
Cheibriados
Dithmenos
Elyvilon
Fedhas
Gozag
Hepliaklqana
Kikubaaqudgha
Makhleb
Nemelex Xobeh
Okawaru
Qazlal
Ru
Sif Muna
Trog
Uskayaw
Vehumet
Wu Jian
Xom
Yredelemnul
Zin
The Shining One
Jiyva
Lugonu

Shops:
D ![[


Message History

The centaur warrior wields a +0 shortbow.
The centaur warrior shoots an arrow.
The arrow hits you!!
Ouch! That really hurt!
You hear an angry buzzing noise.
Found 54 gold pieces.
A hornet comes into view.
Unknown command.
Unknown command.
Casting: Lee's Rapid Deconstruction (safe; 1% risk of failure)
Confirm with . or Enter, or press ? or * to list all spells.
Press: ? - help, Dir - move target cursor A stone wall.
The wall shatters!
The blast of rock fragments hits the centaur warrior!!
The centaur warrior is heavily wounded.
The blast of rock fragments hits the hornet!!
The hornet is severely wounded.
The centaur warrior shoots an arrow.
The arrow hits you!!
Ouch! That really hurt!
You die...

#################################
#..+..#..'..#__#..')).#..#.§§§÷÷÷
'..#..').#..'..'..#...##+#§####..
#####)#####'#__####...+ #§# ##§
####..#...#.####§§##### +§# ##
#__####..##)#≈§§§§#$§ ###
#_____##'#_.'≈§§@§cy
#_.∩...'..._#≈≈§§§#.$#
#_..__##_.#'##+#### #
#_____###'#.#....###
#########.####'###(##
.......'...'.....'(∩#
++++####...########## ###.###
#.#'#.#


You could see a centaur warrior.

Vanquished Creatures
  A centaur warrior (D)
  A hydra (D)
  Sonja (D)
  A deep troll (D)
  A lindwurm (D)
  2 kobold demonologists (D)
  A slime creature (D)
  Sigmund (D)
  13 hogs (D)
  A yak (D)
  2 floating eyes (D)
  An ogre (D)
  A jelly (D)
  Ijyb (D)
  2 ballistomycete spores (D)
30 creatures vanquished.

Vanquished Creatures (others)
  A gargoyle (D)
1 creature vanquished.

Grand Total: 31 creatures vanquished

Notes
Turn   | Place    | Note
-------+----------+-------------------------------------------
     0 | D        | mhtbhm the Deep Elf Earth Elementalist began the quest for
                  | the Orb.
     0 | D        | Reached XP level 1. HP: 10/10 MP: 6/6
     1 | D        | Noticed Ijyb
    27 | D        | Killed Ijyb
    27 | D        | Reached skill level 4 in Spellcasting
    27 | D        | Reached skill level 5 in Earth Magic
    27 | D        | Reached XP level 2. HP: 10/15 MP: 0/9
    37 | D        | Learned a level 2 spell: Passwall
    73 | D        | Killed a gargoyle
   244 | D        | Noticed an ogre
   246 | D        | Killed an ogre
   246 | D        | Reached skill level 7 in Spellcasting
   246 | D        | Reached XP level 3. HP: 19/19 MP: 6/13
   246 | D        | Reached XP level 4. HP: 24/24 MP: 6/15
   251 | D        | Learned a level 3 spell: Stone Arrow
   312 | D        | Noticed Sigmund
   314 | D        | Killed Sigmund
   314 | D        | Reached skill level 5 in Dodging
   314 | D        | Reached skill level 5 in Stealth
   314 | D        | Reached skill level 9 in Spellcasting
   314 | D        | Reached skill level 10 in Earth Magic
   314 | D        | Reached XP level 5. HP: 28/28 MP: 9/18
   375 | D        | Learned a level 5 spell: Lee's Rapid Deconstruction
   380 | D        | Learned a level 4 spell: Petrify
   393 | D        | Found an ornate altar of the Wu Jian Council.
   393 | D        | Found a shimmering blue altar of Sif Muna.
   395 | D        | Found a radiant altar of Vehumet.
   396 | D        | Reached XP level 6. HP: 32/32 MP: 13/20
   444 | D        | Became a worshipper of Vehumet
   462 | D        | Found Metwo's Antique Armour Emporium.
   462 | D        | Found an ancient bone altar of Kikubaaqudgha.
   462 | D        | Found a hazy altar of Hepliaklqana.
   462 | D        | Found a stormy altar of Qazlal.
   462 | D        | Found a hide-covered altar of Uskayaw.
   462 | D        | Found a blossoming altar of Fedhas.
   462 | D        | Found a bloodstained altar of Trog.
   462 | D        | Found an iron altar of Okawaru.
   462 | D        | Found a basalt altar of Yredelemnul.
   462 | D        | Found a glowing golden altar of the Shining One.
   462 | D        | Found a snail-covered altar of Cheibriados.
   462 | D        | Found a sacrificial altar of Ru.
   462 | D        | Found a glowing silver altar of Zin.
   462 | D        | Found a shadowy altar of Dithmenos.
   462 | D        | Found a white marble altar of Elyvilon.
   462 | D        | Noticed a yak
   464 | D        | Killed a yak
   464 | D        | Reached skill level 10 in Spellcasting
   528 | D        | Found an opulent altar of Gozag.
   529 | D        | Found a sparkling altar of Nemelex Xobeh.
   533 | D        | Bought a glowing scarf for 152 gold pieces
   548 | D        | Bought an embroidered robe for 70 gold pieces
   666 | D        | Found a burning altar of Makhleb.
   666 | D        | Found a viscous altar of Jiyva.
   666 | D        | Found a shimmering altar of Xom.
   666 | D        | Found a corrupted altar of Lugonu.
   666 | D        | Noticed a slime creature
  1025 | D        | Killed a slime creature
  1025 | D        | Reached skill level 1 in Unarmed Combat
  1025 | D        | Reached skill level 12 in Spellcasting
  1025 | D        | Reached XP level 7. HP: 36/36 MP: 6/24
  1117 | D        | Noticed Sonja
  1127 | D        | Killed Sonja
  1127 | D        | Reached * piety under Vehumet
  1127 | D        | Offered knowledge of Freeze by Vehumet.
  1127 | D        | Reached skill level 14 in Spellcasting
  1127 | D        | Reached XP level 8. HP: 24/42 MP: 2/28
  1272 | D        | Found Plog's Distillery.
  1280 | D        | Bought a potion of heal wounds for 55 gold pieces
  1280 | D        | Bought a potion of heal wounds for 55 gold pieces
  1280 | D        | Bought a potion of magic for 88 gold pieces
  1292 | D        | Noticed a deep troll
  1300 | D        | Killed a deep troll
  1300 | D        | Reached skill level 15 in Spellcasting
  1446 | D        | Found Mukity's Armour Emporium.
  1538 | D        | Got a fading dagger
  1539 | D        | Identified the +1 dagger of Beumeel {vorpal, Stlth+} (You
                  | found it in the Dungeon)
  1590 | D        | Noticed a kobold demonologist
  1593 | D        | Noticed a kobold demonologist
  1595 | D        | Killed a kobold demonologist
  1595 | D        | Reached ** piety under Vehumet
  1595 | D        | Offered knowledge of Searing Ray by Vehumet.
  1595 | D        | Reached XP level 9. HP: 46/46 MP: 10/30
  1595 | D        | Killed a kobold demonologist
  1595 | D        | Reached skill level 16 in Spellcasting
  1595 | D        | Reached skill level 15 in Earth Magic
  1692 | D        | Noticed a lindwurm
  1707 | D        | Killed a lindwurm
  1707 | D        | Reached skill level 17 in Spellcasting
  1707 | D        | Reached skill level 5 in Transmutations
  1819 | D        | Offered knowledge of Conjure Flame by Vehumet.
  1821 | D        | Reached *** piety under Vehumet
  1823 | D        | Reached **** piety under Vehumet
  1824 | D        | Reached skill level 1 in Fighting
  1824 | D        | Reached skill level 18 in Spellcasting
  1824 | D        | Reached XP level 10. HP: 27/52 MP: 24/34
  1825 | D        | Reached ***** piety under Vehumet
  1972 | D        | Noticed a 12-headed hydra
  1977 | D        | Offered knowledge of Frozen Ramparts by Vehumet.
  1983 | D        | Killed a 12-headed hydra
  1983 | D        | Reached skill level 19 in Spellcasting
  2219 | D        | Noticed a centaur warrior
  2219 | D        | Noticed a centaur warrior
  2222 | D        | Killed a centaur warrior
  2222 | D        | Offered knowledge of Ignite Poison by Vehumet.
  2227 | D        | Shot with an arrow by a centaur warrior

Illustrated notes

Levels and vault maps discovered:
D:        dungeon_sprint_1 [red_sonja_temple_1, red_sonja_temple_small_1]

Skill      XL: |  1  2  3  4  5  6  7  8  9 10 |
---------------+-------------------------------+-----
Dodging        | 3 4 5 6 |  6.2
Stealth        | 3 4 5 |  5.8
Spellcasting   | 4 7 9 12 14 15 18 19 | 19.5
Earth Magic    | 5 7 10 12 13 14 16 18 | 18.1
Transmutations | 2 3 4 5 |  5.9
Unarmed Combat | 1 |  1.3
Fighting       | 1 |  1.2

Action                   |  1- 3 |  4- 6 |  7- 9 | 10-12 || total
-------------------------+-------+-------+-------+-------++-------
Melee: Unarmed           |     3 |       |       |       ||     3
 Cast: Sandblast         |     9 |     1 |       |       ||    10
       Passwall          |     3 |       |     2 |     2 ||     7
       Stone Arrow       |       |     2 |     2 |       ||     4
       Lee's Rapid Decon |       |     8 |    21 |    12 ||    41
       Petrify           |       |     2 |     4 |     1 ||     7
  Use: Potion            |     1 |       |       |       ||     1
Armor: Robe              |     4 |       |     3 |       ||     7
Dodge: Dodged            |     6 |       |     9 |     1 ||    16

Table legend: (Time is in decaauts)
 A = Elapsed time spent in this place.
 B = Non-inter-level travel time spent in this place.
 C = Inter-level travel time spent in this place.
 D = Time resting spent in this place.
 E = Time spent auto-exploring this place.
 F = Levels seen in this place.
 G = Mean time per level.
                   A        B        C        D        E       F      G
               +--------+--------+--------+--------+--------+-----+--------+
         Total |   2239 |   2239 |      0 |   1665 |      1 |   1 | 2239.0 |
       Dungeon |   2239 |   2239 |      0 |   1665 |      1 |   1 | 2239.0 |
               +--------+--------+--------+--------+--------+-----+--------+

Top non-repeatable levels by time:
       D: 2239 daAuts
